 Dungeon Crawl Stone Soup version 0.31-a0-408-gb642c7f9a3 (webtiles) character file.

Game seed: 12846954803856185391

49518 Ofeo the Unseen (level 14, -2/94 HPs)
             Began as a Kobold Brigand on July 30, 2023.
             Was a High Priest of Wu Jian.
             Engulfed by a death drake's foul pestilence (8 damage)
             ... in a Gauntlet.
             The game lasted 00:45:50 (22657 turns).

Ofeo the Unseen (Kobold Brigand)                   Turns: 22657, Time: 00:45:51

Health: -2/94      AC: 16    Str:  9    XL:     14   Next: 92%
Magic:  7/14       EV: 25    Int: 12    God:    Wu Jian [*****.]
Gold:   573        SH:  8    Dex: 21    Spells: 13/13 levels left

rFire   . . .        a - +2 rapier (venom)
rCold   + . .        L - +2 buckler {rC+}
rNeg    . . .        e - +0 toga "Victory" {*Victory Clar}
rPois   +            F - +0 helmet {SInv}
rElec   .            J - +2 cloak {rPois}
rCorr   .            Q - +2 pair of gloves {infuse}
SInv    +            u - +0 pair of boots
Will    +....        G - amulet of regeneration
Stlth   ++++++++     v - +4 ring of protection
HPRegen 1.15/turn    (no ring)
MPRegen 0.14/turn

%: no teleportation, clarity, infuse magic (1 MP)
@: lethally poisoned (-2 -> -13), exhausted, slowed, very slow
A: small, no large weapons, nightstalker 3
a: Renounce Religion, Wall Jump, Serpent's Lash, Heavenly Storm


You were in a Gauntlet.
You worshipped Wu Jian.
Wu Jian was extremely pleased with you.
You visited 3 branches of the dungeon, and saw 18 of its levels.
You also visited: Gauntlet and Ice Cave.

You collected 1270 gold pieces.
You spent 697 gold pieces at shops.

Inventory:

Hand Weapons
 a - a +2 rapier of venom (weapon)
 b - a +2 short sword of speed
 h - a +0 double sword of freezing
Missiles
 f - 23 poisoned darts
 o - 9 curare-tipped darts (quivered)
 C - 9 throwing nets
 D - 13 boomerangs
 M - 6 atropa-tipped darts
Armour
 e - the +0 toga "Victory" (worn) {*Victory Clar}
   (You found it on level 10 of the Dungeon)

   *Victory:  When the wearer kills a threatening monster, it has a chance to
   gain +1 AC, +1 Slay, and +1 Int, capping at +7.
   When the wearer uses a scroll or a potion with a hostile monster in sight,
   its bonuses reset to +0.
   Unequipping it also resets its bonuses to +0.
   Clar:      It protects you from confusion, rage, mesmerisation and fear.
 u - a +0 pair of boots (worn)
 y - a +0 troll leather armour
 B - a +0 pair of gloves of strength
 F - a +0 helmet of see invisible (worn)
 J - a +2 cloak of poison resistance (worn)
 L - a +2 buckler of cold resistance (worn)
 Q - a +2 pair of gloves of infusion (worn)
Jewellery
 v - a +4 ring of protection (left hand)
 G - an amulet of regeneration (around neck)
 N - a ring of positive energy
Wands
 p - a wand of flame (39)
 s - a wand of iceblast (22) {@v4}
 H - a wand of acid (1) {@v2}
Scrolls
 g - a scroll of enchant armour
 i - 5 scrolls of identify {@r1}
 j - 4 scrolls of butterflies
 m - 2 scrolls of poison
 w - 2 scrolls of teleportation {@r3}
 x - a scroll of brand weapon
 A - 3 scrolls of revelation
 E - 2 scrolls of fog
 I - 2 scrolls of immolation
 O - a scroll of blinking {@r4}
Potions
 c - a potion of might {@q4}
 d - a potion of ambrosia
 k - 6 potions of attraction
 l - 3 potions of mutation
 n - 2 potions of berserk rage
 q - 9 potions of curing {@q1}
 r - a potion of cancellation
 t - 4 potions of brilliance
 z - a potion of magic
 K - a potion of haste {@q3}
 P - 2 potions of resistance {@q6}


   Skills:
 + Level 13.1 Fighting
 - Level 10.0 Short Blades
 - Level 6.0 Throwing
 + Level 8.3 Armour
 + Level 14.0 Dodging
 + Level 17.2 Stealth
 + Level 5.1 Shields


You had 13 spell levels left.
You didn't know any spells.
Your spell library contained the following spells:

 Spells                   Type           Power      Damage    Failure   Level
 Apportation              Tloc           0%         N/A       43%         1
 Freeze                   Ice            0%         1d3       43%         1
 Kiss of Death            Conj/Necr      0%         2d5       43%         1
 Magic Dart               Conj           0%         1d3       43%         1
 Necrotise                Necr           0%         1d4       43%         1
 Summon Small Mammal      Summ           0%         N/A       43%         1
 Call Imp                 Summ           0%         N/A       56%         2
 Static Discharge         Conj/Air       0%         2-2/arc   56%         2
 Confusing Touch          Hex            0%         N/A       80%         3
 Frozen Ramparts          Ice            0%         1d1       80%         3
 Hailstorm                Conj/Ice       0%         3d3       80%         3
 Mephitic Cloud           Conj/Pois/Air  0%         N/A       80%         3
 Tukima's Dance           Hex            0%         N/A       80%         3
 Airstrike                Air            0%         2d(0-16)  99%         4
 Cause Fear               Hex            0%         N/A       99%         4
 Dispel Undead            Necr           0%         3d6       99%         4
 Passage of Golubria      Tloc           0%         N/A       99%         4
 Petrify                  Tmut/Erth      0%         N/A       99%         4
 Summon Lightning Spire   Summ/Air       0%         N/A       99%         4
 Fireball                 Conj/Fire      0%         3d3       100%        5
 Metabolic Englaciation   Hex/Ice        0%         N/A       100%        5
 Summon Forest            Summ/Tloc      0%         N/A       100%        5
 Yara's Violent Unravell  Hex/Tmut       0%         3d3       100%        5
 Eringya's Noxious Bog    Tmut/Pois      0%         4d6       100%        6
 Simulacrum               Ice/Necr       0%         N/A       100%        6
 Ozocubu's Refrigeration  Ice            0%         4d7       100%        7
 Summon Hydra             Summ           0%         N/A       100%        7
 Dragon's Call            Summ           0%         N/A       100%        9
 Polar Vortex             Ice            0%         N/A       100%        9


Dungeon Overview and Level Annotations

Branches:
Dungeon (13/15)            Temple (1/1) D:7            Lair (4/5) D:10
 Shoals (0/4) Lair:3        Snake (0/4) Lair:2        Slime (0/5) Lair:4
    Orc (0/2) D:10          IceCv (visited)         Gauntlet (1/1)
 Vaults: D:13-14

Altars:
Ashenzari
Cheibriados
Dithmenos
Elyvilon
Fedhas
Gozag
Hepliaklqana
Kikubaaqudgha
Makhleb
Nemelex Xobeh
Okawaru
Qazlal
Ru
Sif Muna
Trog
Uskayaw
Vehumet
Wu Jian
Xom
Yredelemnul
Zin
The Shining One
Jiyva

Shops:
D:3 (:?*   D:8 (   D:9 **   D:11 *

Annotations:
D:6 CraigForest's ghost, novice TeGl
Lair:2 2 transporters, Cattocvo's ghost, journeyman VSWr Gauntlet 9 transporters, 3 runed translucent doors, exclusion: 2 lightning spires


Innate Abilities, Weirdness & Mutations

You are small and have problems with some larger weapons.
You are completely attuned to the shadows.


Message History

You take 5 damage, and have 30/94 hp.
You puncture the redback zombie!
The redback zombie is lightly damaged.
You feel very sick.
The redback zombie completely misses you.
You take 3 damage, and have 27/94 hp.
You impale the redback zombie!!
The redback zombie is heavily damaged.
You feel very sick. You block the redback zombie's attack.
You take 2 damage, and have 25/94 hp.
You now have 10/14 mp.
You hit the death drake.
The death drake is lightly wounded.
You feel very sick. The death drake closely misses you.
You take 1 damage, and have 24/94 hp.
You now have 9/14 mp.
You puncture the death drake!
The death drake is lightly wounded.
You feel sick. The death drake completely misses you.
The death drake breathes miasma at you. The foul vapour misses you.
You take 1 damage, and have 23/94 hp.
You now have 8/14 mp.
You puncture the death drake!
The death drake is moderately wounded.
You are engulfed in dark miasma.
You are more poisoned.
You feel as though you will be slow longer.
* * * LOW HITPOINT WARNING * * *
x2 You feel extremely sick.
The death drake breathes miasma at you. The foul vapour misses you.
You take 17 damage, and have 6/94 hp.
You now have 7/14 mp.
Okay, then.
Really read with monsters nearby while wearing the +7 toga "Victory"?
Blink to where?
Press: ? - help, Dir - move target
As you read the scroll of blinking {@r4}, it crumbles to dust.
The +0 toga "Victory" stops glowing.
You are engulfed in dark miasma.
You die...

.#.###.#.#..#§#≈#≈#
.##...##.#....§.§.###
....©|...#........§≈#
#################.§###
....©...........#...≈#
....©.........©.#...###
###################..§#
###..t###.#°°°°°°.#..##
###...###.#k####@.#..§#
#..+##..#.#ZZZ..#.#..##
#..# #..#.####©.#.#..≈#
#..##+=.#.#.!)#.#.#.§##
###?}.###.##[.#.#.#.§≈#
####©####.#©#.#...#..##
#########.#########..≈#
....................§##
..8.∩.8.............§§#


You could see 2 centaur warrior zombies.

Vanquished Creatures
  Frances (D:12)
  Gastronok (Lair:3)
  A frost giant (IceCv)
  Josephine (D:12)
  A hydra (Lair:4)
  4 boulder beetles (D:12)
  2 centaur warriors
  2 tengu warriors (D:12)
  6 death yaks (IceCv)
  Amaemon (Lair:3)
  3 sixfirhies (Gauntlet)
  2 skysharks
  Pikel (D:3)
  An ugly thing (D:11)
  4 elephants (Lair:1)
  A manticore (D:12)
  3 cyclopes
  5 black mambas
  Maurice (D:11)
  A gargoyle (D:9)
  An orange demon (Lair:3)
  6 cane toads
  5 komodo dragons
  8 rime drakes
  3 trolls
  5 polar bears
  2 hornets
  Grinder (D:4)
  5 blink frogs (Lair:2)
  7 dream sheep (Lair:3)
  3 slime creatures (D:11)
  A vampire (D:10)
  3 wyverns
  39 yaks
  7 wraiths
  3 basilisks
  2 vampire mosquitoes (D:12)
  2 steam dragons (D:9)
  2 wargs (D:10)
  Duvessa (D:5)
  18 water moccasins
  8 orc warriors
  3 ice beasts
  7 sky beasts
  4 ogres
  2 centaurs (D:9)
  15 wolves
  2 phantoms (D:5)
  2 lemures (D:3)
  3 kobold brigands
  12 bullfrogs
  5 gnoll sergeants (D:8)
  Blork the orc (D:4)
  5 scorpions
  Dowan (D:5)
  5 killer bees
  3 howler monkeys
  4 electric eels
  7 orc priests
  9 hounds
  4 gnoll boudas
  A sleepcap (D:5)
  5 iguanas
  9 orc wizards
  51 gnolls
  8 adders
  2 shadow imps
  A white imp (D:7)
  4 ufetubi
  3 worms
  2 dart slugs
  60 orcs
  3 bats
  4 endoplasms
  13 goblins
  12 hobgoblins
  9 jackals
  19 kobolds
  7 quokkas
  9 ball pythons
  A frilled lizard (D:2)
  3 rats
494 creatures vanquished.

Vanquished Creatures (others)
  An orc (D:10)
1 creature vanquished.

Grand Total: 495 creatures vanquished

Notes
Turn   | Place    | Note
-------+----------+-------------------------------------------
     0 | D:1      | Ofeo the Kobold Brigand began the quest for the Orb.
     0 | D:1      | Reached XP level 1. HP: 12/12 MP: 1/1
    93 | D:1      | Reached XP level 2. HP: 16/18 MP: 2/2
   836 | D:1      | Reached XP level 3. HP: 22/22 MP: 3/3
  2247 | D:2      | Reached XP level 4. HP: 26/27 MP: 4/4
  2551 | D:3      | Found Josygh's Assorted Antiques.
  2554 | D:3      | Bought a scroll labelled HUVVYONKIW for 29 gold pieces
  2554 | D:3      | Bought a scroll labelled WOEH VOMAIWAW for 29 gold pieces
  2554 | D:3      | Bought a scroll labelled GAV NIOD OTUN for 29 gold pieces
  2640 | D:3      | Found Pishe's Magic Scroll Boutique.
  2724 | D:3      | Found a burning altar of Makhleb.
  2842 | D:3      | Noticed an ice beast
  2847 | D:3      | Killed an ice beast
  2848 | D:3      | Reached skill level 6 in Stealth
  2848 | D:3      | Reached XP level 5. HP: 32/32 MP: 5/5
  2860 | D:3      | Found Dael's Book Boutique.
  2911 | D:3      | Found Plog's Weapon Boutique.
  3265 | D:4      | Noticed Blork the orc
  3281 | D:4      | Killed Blork the orc
  3282 | D:4      | Reached XP level 6. HP: 11/37 MP: 6/6
  3785 | D:4      | Found a sacrificial altar of Ru.
  3898 | D:4      | Reached XP level 7. HP: 20/42 MP: 7/7
  3902 | D:4      | Noticed Grinder
  3910 | D:4      | Killed Grinder
  3911 | D:4      | Reached skill level 5 in Short Blades
  3911 | D:4      | Reached skill level 7 in Stealth
  4381 | D:4      | Found a snail-covered altar of Cheibriados.
  4598 | D:4      | Noticed Pikel
  4639 | D:3      | Killed Pikel
  4640 | D:3      | Reached skill level 5 in Fighting
  4640 | D:3      | Reached skill level 8 in Stealth
  4640 | D:3      | Reached XP level 8. HP: 25/49 MP: 8/8
  5037 | D:4      | Reached skill level 5 in Throwing
  5104 | D:5      | Entered Level 5 of the Dungeon
  5132 | D:5      | Reached skill level 5 in Dodging
  5766 | D:5      | Noticed Duvessa
  5767 | D:5      | Noticed Dowan
  6059 | D:5      | Killed Duvessa
  6060 | D:5      | Reached XP level 9. HP: 23/54 MP: 9/9
  6063 | D:5      | Killed Dowan
  6560 | D:5      | Reached skill level 9 in Stealth
  7972 | D:6      | Found a runed translucent gate.
  7973 | D:6      | Found a runed translucent gate.
  8020 | D:6      | Found a runed translucent gate.
  8090 | D:6      | Noticed CraigForest's ghost (novice TeGl)
  8379 | D:7      | Reached skill level 10 in Stealth
  8433 | D:7      | Reached XP level 10. HP: 61/61 MP: 10/10
  8877 | D:7      | Found a staircase to the Ecumenical Temple.
  8906 | Temple   | Entered the Ecumenical Temple
  8993 | Temple   | Became a worshipper of the Wu Jian Council
  9887 | D:8      | Found Sebbioh's Weapon Shoppe.
  9896 | D:8      | Bought 2 curare-tipped darts for 31 gold pieces
 10137 | D:8      | Reached * piety under Wu Jian
 10562 | D:8      | Reached skill level 11 in Stealth
 10603 | D:8      | Reached skill level 1 in Armour
 10740 | D:8      | Reached ** piety under Wu Jian
 11158 | D:3      | Bought a scroll of enchant weapon for 97 gold pieces
 11158 | D:3      | Bought 2 scrolls of butterflies for 104 gold pieces
 11158 | D:3      | Bought a scroll of revelation for 97 gold pieces
 11158 | D:3      | Bought a scroll of teleportation for 39 gold pieces
 11664 | D:8      | Reached XP level 11. HP: 68/68 MP: 11/11
 11812 | D:9      | Reached *** piety under Wu Jian
 11916 | D:9      | Reached skill level 10 in Short Blades
 12116 | D:9      | Found a white marble altar of Elyvilon.
 12155 | D:9      | Found Veurac's Specific Store.
 12155 | D:9      | Found Ejaedgho's General Store.
 12164 | D:9      | Bought 6 curare-tipped darts for 93 gold pieces
 12232 | D:9      | Reached skill level 12 in Stealth
 12689 | D:9      | Bought a +0 helmet of see invisible for 149 gold pieces
 12754 | D:10     | Entered Level 10 of the Dungeon
 13183 | D:10     | Found the +0 toga "Victory" {*Victory Clar}
 13326 | D:10     | Reached **** piety under Wu Jian
 13353 | D:10     | Found a staircase to the Orcish Mines.
 13594 | D:10     | Found a staircase to the Lair.
 13918 | D:10     | Found a radiant altar of Vehumet.
 13920 | D:10     | Noticed a centaur warrior
 13960 | D:10     | Killed a centaur warrior
 13961 | D:10     | Reached skill level 10 in Dodging
 14172 | D:11     | Noticed Maurice
 14176 | D:11     | Killed Maurice
 14177 | D:11     | Reached skill level 13 in Stealth
 14305 | D:11     | Found a frozen archway.
 14337 | IceCv    | Entered an ice cave
 14350 | IceCv    | Reached XP level 12. HP: 77/77 MP: 12/12
 14486 | IceCv    | Noticed a death yak
 14488 | IceCv    | Noticed a death yak
 14499 | IceCv    | Reached skill level 10 in Fighting
 14503 | IceCv    | Killed a death yak
 14512 | IceCv    | Killed a death yak
 14513 | IceCv    | Reached skill level 5 in Armour
 14761 | IceCv    | Noticed a death yak
 14763 | IceCv    | Killed a death yak
 14776 | IceCv    | Reached skill level 14 in Stealth
 14891 | IceCv    | Noticed a death yak
 14895 | IceCv    | Killed a death yak
 14916 | IceCv    | Noticed a death yak
 14942 | IceCv    | Killed a death yak
 15077 | IceCv    | Noticed a death yak
 15078 | IceCv    | Noticed a frost giant
 15100 | IceCv    | Killed a death yak
 15136 | IceCv    | Killed a frost giant
 15242 | D:11     | You fall into a shaft and drop 2 floors!
 15310 | D:12     | Noticed a boulder beetle
 15324 | D:12     | Killed a boulder beetle
 15325 | D:12     | Reached XP level 13. HP: 84/84 MP: 13/13
 15491 | D:12     | Noticed Frances
 15494 | D:12     | Killed Frances
 15495 | D:12     | Reached skill level 15 in Stealth
 16018 | D:11     | Reached skill level 1 in Shields
 16486 | D:11     | Found Xeugeoc's General Store.
 16708 | D:12     | Reached ***** piety under Wu Jian
 17145 | D:12     | Noticed Josephine
 17147 | D:12     | Killed Josephine
 17428 | D:12     | Noticed a centaur warrior
 17431 | D:12     | Killed a centaur warrior
 17931 | Lair:1   | Entered Level 1 of the Lair of Beasts
 18274 | Lair:1   | Reached skill level 16 in Stealth
 18906 | Lair:1   | Reached XP level 14. HP: 92/92 MP: 14/14
 19413 | Lair:2   | Found a staircase to the Snake Pit.
 19441 | Lair:2   | Noticed Cattocvo's ghost (journeyman VSWr)
 20260 | Lair:2   | Found a transporter.
 20301 | Lair:2   | Found a transporter.
 20801 | Lair:3   | Found a staircase to the Shoals.
 20873 | Lair:3   | Noticed Amaemon
 20891 | Lair:3   | Killed Amaemon
 21350 | Lair:3   | Reached skill level 17 in Stealth
 21399 | Lair:3   | Identified the +2 hand axe "Soxkige" {elec, Contam rElec
                  | rN+ Int+4}
 21468 | Lair:3   | Noticed Gastronok
 21517 | Lair:3   | Killed Gastronok
 22113 | Lair:4   | Found a staircase to the Slime Pits.
 22114 | Lair:4   | Found a viscous altar of Jiyva.
 22126 | Lair:4   | Reached skill level 5 in Shields
 22140 | Lair:4   | Found a gate leading to a gauntlet.
 22159 | Gauntlet | Entered a Gauntlet
 22159 | Gauntlet | Found a transporter.
 22163 | Gauntlet | Found a runed translucent door.
 22163 | Gauntlet | Found a runed translucent door.
 22184 | Gauntlet | Found a transporter.
 22203 | Gauntlet | Found a transporter.
 22215 | Gauntlet | Found a transporter.
 22236 | Gauntlet | Found a transporter.
 22242 | Gauntlet | Found a runed translucent door.
 22258 | Gauntlet | Found a transporter.
 22268 | Gauntlet | Found a transporter.
 22271 | Gauntlet | Found a runed translucent door.
 22300 | Gauntlet | Found a transporter.
 22318 | Gauntlet | Found a transporter.
 22332 | Gauntlet | Found a transporter.
 22525 | Gauntlet | Found a transporter.
 22542 | Gauntlet | Found a transporter.
 22553 | Gauntlet | Found a transporter.
 22585 | Gauntlet | Found a transporter.
 22592 | Gauntlet | Identified the staff "Kawn" {rPois rF- Str+4 Dex+4 Poison}
 22657 | Gauntlet | Engulfed by a death drake's foul pestilence

Illustrated notes

Levels and vault maps discovered:
D:1:      lightli_arrival_noodles, layout_basic, minmay_crystal_water,
          nicolae_houndstooth_variations
D:2:      layout_basic, kennysheep_generic_room_6
D:3:      layout_rooms, nicolae_overflow_crystal_walls, serial_shops, shop,
          nicolae_shop_statue_plus, shop, nicolae_shop_real_fake_doors
D:4:      layout_cave_pools, slow_altar_1, mainiacjoe_overflow_chevrons,
          hangedman_decor_peaks_small, minmay_goblin_outpost,
          uniq_blork_the_orc, uniq_pikel, uniq_grinder
D:5:      layout_basic, uniq_duvessa
D:6:      layout_cave_pools, ebering_ghost_rock_garden, roderic_lattice_a
D:7:      layout_loops_ring, minmay_temple_entry_waves
D:8:      layout_cave_pools, serial_gnoll_camp, gnoll_camp_mini_sergeant,
          gnoll_camp_huts_moat, gnoll_camp_mini_hut, gnoll_camp_medium_02,
          gnoll_camp_mini_basic, gnoll_camp_mini_shop, special_room
          [special_room_orc]
D:9:      layout_cross, mainiacjoe_overflow_24_doors, nicolae_specific_store,
          hangedman_misty_isle
D:10:     layout_roguey, vehumet_altar_wand_db, erik_lair_orcish_takeover,
          erik_orc_2, minmay_misc_feat_rows, library_closet,
          hangedman_decor_lopped
D:11:     layout_stronghold, serial_shops, shop, portal_ice_cave_rime,
          uniq_maurice
D:12:     layout_basic, dreamdust_princess_corridor, uniq_josephine,
          uniq_frances
D:13:     layout_basic, gammafunk_ghost_grave, bh_walls_and_bars, uniq_sonja
Temple:   minmay_crystal_spiral_temple
Lair:1:   layout_concentric_octagons, grunt_megastairs_5
Lair:2:   layout_cave_pods, minmay_snake_entry_six_corridors,
          gammafunk_ghost_arena, st_stairs_8, serial_bayou_pond_e
Lair:3:   layout_loops_ring, shoals_dummy_entry, grunt_megastairs_3,
          serial_bayou_shore_a, uniq_amaemon, uniq_gastronok
Lair:4:   layout_roguey, slime_entry_1, gauntlet_entry_generic,
          nicolae_lair_yak_garden, grunt_megastairs_4, infiniplex_staircase_pool
Gauntlet: gammafunk_gauntlet_mixed_choke_point
          [minmay_gauntlet_arena_77_chump_sandwich,
          minmay_gauntlet_arena_77_shame_cube,
          minmay_gauntlet_arena_77_squiggly, gammafunk_gauntlet_arena_corners,
          minmay_gauntlet_arena_77_fan, minmay_gauntlet_arena_77_cramped,
          minmay_gauntlet_arena_77_radiant_squares, gauntlet_exit_green]

Skill      XL: |  1  2  3  4  5  6  7  8  9 10 11 12 13 14 |
---------------+-------------------------------------------+-----
Short Blades   | 3 4 6 8 9 10 | 10.0
Dodging        | 2 3 4 5 7 8 10 11 13 14 | 14.0
Fighting       | 3 5 6 8 9 11 12 13 | 13.1
Throwing       | 3 4 5 6 |  6.0
Stealth        | 6 8 10 11 13 14 16 17 | 17.2
Armour         | 2 4 6 7 8 |  8.3
Shields        | 3 5 |  5.1

Action                     |  1- 3 |  4- 6 |  7- 9 | 10-12 | 13-15 || total
---------------------------+-------+-------+-------+-------+-------++-------
  Melee: Dagger            |    80 |   117 |   174 |       |       ||   371
         Punch             |     1 |     1 |    10 |    20 |       ||    32
         Short sword       |       |       |   201 |   529 |       ||   730
         Rapier            |       |       |       |   593 |   706 ||  1299
  Throw: Dart              |     4 |    15 |    62 |    44 |       ||   125
 Invoke: Serpent's Lash    |       |       |       |     2 |     3 ||     5
Ability: Whirlwind         |       |       |       |   165 |   182 ||   347
         Lunge             |       |       |       |    59 |    35 ||    94
         Wall Jump         |       |       |       |     1 |     2 ||     3
  Evoke: Wand              |       |       |    10 |     1 |       ||    11
    Use: Scroll            |     2 |     6 |     8 |    13 |     5 ||    34
         Potion            |       |     3 |     2 |     1 |       ||     6
   Stab: Sleeping          |    16 |    11 |     9 |    27 |    32 ||    95
         Invisible         |       |     1 |     7 |       |       ||     8
         Distracted        |       |       |     1 |     5 |     5 ||    11
 Armour: Robe              |     8 |       |     3 |    69 |   124 ||   204
         Ring mail         |     6 |    24 |    15 |       |       ||    45
         Leather armour    |       |       |    34 |    99 |       ||   133
         Troll leather arm |       |       |       |    13 |       ||    13
         Steam dragon scal |       |       |       |     7 |       ||     7
  Dodge: Dodged            |    47 |    43 |   194 |   639 |   505 ||  1428
  Block: Buckler           |       |       |       |       |   202 ||   202

Table legend: (Time is in decaauts)
 A = Elapsed time spent in this place.
 B = Non-inter-level travel time spent in this place.
 C = Inter-level travel time spent in this place.
 D = Time resting spent in this place.
 E = Time spent auto-exploring this place.
 F = Levels seen in this place.
 G = Mean time per level.
                   A        B        C        D        E       F      G
               +--------+--------+--------+--------+--------+-----+--------+
         Total |  22137 |  21152 |    985 |   2087 |  14027 |  20 | 1106.8 |
       Dungeon |  16435 |  15736 |    699 |   1705 |  10460 |  13 | 1264.2 |
        Temple |    174 |      2 |    172 |      0 |      0 |   1 |  174.0 |
          Lair |   4195 |   4081 |    114 |     36 |   3350 |   4 | 1048.8 |
      Ice Cave |    836 |    836 |      0 |    346 |     45 |   1 |  836.0 |
      Gauntlet |    495 |    495 |      0 |      0 |    172 |   1 |  495.0 |
               +--------+--------+--------+--------+--------+-----+--------+

Top non-repeatable levels by time:
     D:5: 1900 daAuts
     D:8: 1865 daAuts
    D:11: 1439 daAuts
     D:4: 1429 daAuts
  Lair:3: 1406 daAuts
    D:12: 1380 daAuts
    D:10: 1380 daAuts
  Lair:2: 1371 daAuts
     D:2: 1349 daAuts
  Lair:1: 1323 daAuts
     D:7: 1267 daAuts
     D:1: 1163 daAuts
     D:3: 1140 daAuts
     D:6: 1107 daAuts
     D:9: 974 daAuts
